 Dungeon Crawl Stone Soup version 0.30.1-4-g462c640d31 (webtiles) character file.

Game seed: 14151447135417777257

1327 spardeous the Destroyer (level 8, -5/57 HPs)
             Began as a Demigod Conjurer on Aug 18, 2023.
             Slain by a yak (14 damage)
             ... on level 9 of the Dungeon.
             The game lasted 00:05:47 (6554 turns).

spardeous the Destroyer (Demigod Conjurer)          Turns: 6554, Time: 00:05:49

Health: -5/57      AC:  6    Str: 16    XL:     8   Next: 12%
Magic:  15/22      EV: 12    Int: 20    God:
Gold:   347        SH:  0    Dex: 15    Spells: 3/10 levels left

rFire   . . .        (no weapon)
rCold   . . .        (no shield)
rNeg    . . .        s - +2 leather armour of the Storm King {Dex+3}
rPois   +            (no helmet)
rElec   .            (no cloak)
rCorr   .            (no gloves)
SInv    .            H - +0 pair of boots
Will    .....        x - amulet of magic regeneration
Stlth   ++           v - ring of poison resistance
HPRegen 0.29/turn    A - ring of magical power
MPRegen 0.58/turn

%: no passive effects
@: no status effects
A: high MP 1, forlorn, divine attributes
a: no special abilities


You were on level 9 of the Dungeon.
You visited 1 branch of the dungeon, and saw 8 of its levels.

You collected 347 gold pieces.

Inventory:

Armour
 a - a +0 robe
 s - the +2 leather armour of the Storm King (worn) {Dex+3}
   (You found it on level 2 of the Dungeon)

   Dex:       It affects your dexterity (+3).
 H - a +0 pair of boots (worn)
Jewellery
 v - a ring of poison resistance (left hand)
 x - an amulet of magic regeneration (around neck)
 y - an amulet of reflection
 A - a ring of magical power (right hand)
 D - a ring of flight
 G - a +5 ring of evasion
Wands
 w - a wand of flame (41)
Scrolls
 c - 2 scrolls of teleportation {unknown}
 h - 2 scrolls of fear {unknown}
 k - a scroll of acquirement {unknown}
 n - 2 scrolls of summoning {unknown}
 o - a scroll of enchant weapon {unknown}
 p - a scroll of brand weapon {unknown}
 q - 2 scrolls of blinking {unknown}
 r - 2 scrolls of noise {unknown}
 B - 3 scrolls of magic mapping {unknown}
 C - 2 scrolls of poison {unknown}
 E - 3 scrolls of identify {unknown}
 I - 3 scrolls of immolation {unknown}
Potions
 b - a potion of magic
 d - a potion of degeneration
 e - 3 potions of resistance
 f - 2 potions of ambrosia {unknown}
 g - a potion of invisibility {unknown}
 i - a potion of cancellation {unknown}
 j - a potion of brilliance {unknown}
 l - 2 potions of might
 m - a potion of mutation {unknown}
 u - 2 potions of attraction {unknown}
 z - a potion of heal wounds {unknown}
 F - a potion of lignification {unknown}


   Skills:
 - Level 1.7 Dodging
 - Level 1.7 Stealth
 - Level 1.7 Spellcasting
 - Level 9.0 Conjurations
 + Level 4.2 Translocations


You had 3 spell levels left.
You knew the following spells:

 Your Spells              Type           Power      Damage    Failure   Level
a - Magic Dart            Conj           100%       1d8       1%          1
b - Searing Ray           Conj           76%        2d7       1%          2
c - Iskenderun's Mystic   Conj/Tloc      28%        2d7       13%         4

Your spell library contained the following spells:

 Spells                   Type           Power      Damage    Failure   Level
 Dazzling Flash           Conj/Hex       38%        N/A       10%         3
 Gell's Gravitas          Tloc           18%        N/A       11%         3
 Teleport Other           Tloc           18%        N/A       11%         3
 Fulminant Prism          Conj/Hex       9%         3d7       30%         4
 Dispersal                Tloc           9%         N/A       99%         6


Dungeon Overview and Level Annotations

Branches:
Dungeon (7/15)             Temple (0/1) D:4

Shops:
D:1 :   D:5 *   D:6 =

Portals:
Bailey: D:7


Innate Abilities, Weirdness & Mutations

You have an increased reservoir of magic. (+10% MP)
You shall have no god before yourself.
Your divine heritage dramatically boosts your attributes as you level up.


Message History

The yak is heavily wounded.
The searing ray hits the yak!
The yak is moderately wounded.
The yak gores you.
* * * LOW HITPOINT WARNING * * *
You take 1 damage, and have 9/57 hp.
The searing ray hits the yak.
The yak is heavily wounded.
The searing ray hits the yak!
The yak is heavily wounded.
The searing ray hits the orc.
The orc is heavily wounded.
The yak misses you.
The searing ray hits the yak.
The yak is severely wounded.
The searing ray hits the yak!
The yak is severely wounded.
The searing ray hits the orc but does no damage.
The orc is heavily wounded.
The searing ray hits the gnoll.
The gnoll is moderately wounded.
You finish channelling your searing ray.
The yak gores you but does no damage.
You now have 16/22 mp.
Casting: Searing Ray (safe; 1% risk of failure)
Confirm with . or Enter, or press ? or * to list all spells.
Aiming: Searing Ray (safe; 1% risk of failure)
Press: ? - help, Shift-Dir - straight line, f/p - yak
Aim: a yak (severely wounded, 88% to hit)
The searing ray hits the yak.
The yak is severely wounded.
The searing ray hits the yak.
The yak is severely wounded.
The searing ray hits the orc.
You kill the orc!
The searing ray hits the gnoll!
The gnoll is almost dead. (Press . to maintain the ray.)
The yak gores you!
You die...

##.Y.)............
##o.######.........
##.### #......... ##.##
##........ ###.##
#........ #.Y##
##....... #..#
########....$.
#.g#######.............
##g)YY@................
########.....#####....
#.....# ###.# #..###.#
#. #### ##.# # #.# ##


You could see 2 yaks and 2 gnolls.

Vanquished Creatures
  A wyvern (D:9)
  A water moccasin (D:6)
  A black bear (D:4)
  An ogre (D:4)
  2 phantoms (D:5)
  4 bullfrogs
  2 scorpions (D:6)
  A howler monkey (D:4)
  2 jellies (D:5)
  Jessica (D:3)
  3 iguanas (D:5)
  10 gnolls
  5 adders
  A white imp (D:5)
  2 ufetubi
  2 worms (D:2)
  2 dart slugs (D:1)
  4 orcs
  5 endoplasms
  A giant cockroach (D:3)
  6 goblins
  7 hobgoblins
  3 jackals (D:4)
  11 kobolds
  7 quokkas
  3 ball pythons
  8 bats
  3 frilled lizards
  6 rats
105 creatures vanquished.

Vanquished Creatures (others)
  An adder (D:5)
1 creature vanquished.

Grand Total: 106 creatures vanquished

Notes
Turn   | Place    | Note
-------+----------+-------------------------------------------
     0 | D:1      | spardeous the Demigod Conjurer began the quest for the Orb.
     0 | D:1      | Reached XP level 1. HP: 14/14 MP: 5/5
   260 | D:1      | Reached skill level 4 in Conjurations
   339 | D:1      | Reached XP level 2. HP: 20/20 MP: 1/7
   718 | D:1      | Found Kabi Fou's Book Emporium.
  1044 | D:2      | Identified the +2 leather armour of the Storm King {Dex+3}
  1246 | D:2      | Reached XP level 3. HP: 26/26 MP: 1/8
  1249 | D:2      | Learned a level 2 spell: Searing Ray
  1525 | D:2      | Reached skill level 5 in Conjurations
  2754 | D:3      | Noticed Jessica
  2758 | D:3      | Killed Jessica
  2759 | D:3      | Reached XP level 4. HP: 33/33 MP: 3/9
  3396 | D:4      | Noticed an ogre
  3403 | D:4      | Killed an ogre
  3404 | D:4      | Reached skill level 6 in Conjurations
  3404 | D:4      | Reached XP level 5. HP: 5/38 MP: 4/10
  3651 | D:4      | Found a staircase to the Ecumenical Temple.
  3728 | D:4      | Noticed a black bear
  3734 | D:4      | Killed a black bear
  3991 | D:4      | Reached skill level 7 in Conjurations
  3991 | D:4      | Reached XP level 6. HP: 45/45 MP: 11/11
  4487 | D:5      | Entered Level 5 of the Dungeon
  4649 | D:5      | Learned a level 4 spell: Iskenderun's Mystic Blast
  4698 | D:5      | Reached skill level 8 in Conjurations
  4701 | D:5      | Reached XP level 7. HP: 16/50 MP: 12/12
  4844 | D:5      | Found Zin's Purification Station.
  5646 | D:6      | Found Qiklituh's Jewellery Shoppe.
  5810 | D:6      | Reached skill level 9 in Conjurations
  6436 | D:7      | Found a flagged portal.
  6436 | D:7      | You fall into a shaft and drop 2 floors!
  6493 | D:9      | Noticed a wyvern
  6508 | D:9      | Reached XP level 8. HP: 26/57 MP: 13/13
  6554 | D:9      | Slain by a yak

Illustrated notes

Levels and vault maps discovered:
D:1:      minmay_arrival_open_corners, layout_loops_ring, serial_shops, shop,
          minmay_pentomino_w2
D:2:      layout_basic, hellmonk_ecumenical_altar_slurped_away,
          palyth_stone_intersect, kennysheep_minor_cross,
          kennysheep_cross_bottleneck, minmay_increasing_density
D:3:      layout_basic, nicolae_overflow_hidden_temple, uniq_jessica
D:4:      layout_basic, minmay_temple_entry_hall, minmay_misc_feat_alley
D:5:      layout_basic, xom_confusion_cloud,
          chequers_temple_overflow_statue_of_worship, zin_purify
D:6:      layout_basic, minmay_shop_enchanted_jewellery
D:7:      layout_rooms, mainiacjoe_overflow_small_starburst, enter_bailey_3,
          kennysheep_generic_room_8
D:9:      layout_layer_cave, mainiacjoe_overflow_swirl

Skill      XL: |  1  2  3  4  5  6  7  8 |
---------------+-------------------------+-----
Conjurations   | 4 5 6 7 8 9 |  9.0
Translocations | 3 4 |  4.2
Dodging        | |  1.7
Stealth        | |  1.7
Spellcasting   | |  1.7

Action                     |  1- 3 |  4- 6 |  7- 9 || total
---------------------------+-------+-------+-------++-------
  Melee: Unarmed           |     5 |     1 |       ||     6
   Cast: Magic Dart        |   122 |    46 |    18 ||   186
         Searing Ray       |     1 |    14 |    18 ||    33
    Use: Potion            |       |     4 |     1 ||     5
 Armour: Robe              |     2 |       |       ||     2
         Leather armour    |     1 |    14 |    10 ||    25
  Dodge: Dodged            |    22 |    30 |    24 ||    76
